 Dungeon Crawl Stone Soup version 0.23.2-1-ga50397a6bc (webtiles) character file.

Game seed: 9717885914930944494

305 Gargoyl the Skirmisher (level 6, -10/52 HPs)
             Began as a Centaur Abyssal Knight on Apr 27, 2019.
             Was a Priest of Lugonu.
             Mangled by an ogre
             ... wielding a +0 giant spiked club
              (23 damage)
             ... on level 4 of the Dungeon on May 1, 2019.
             The game lasted 00:05:02 (3471 turns).

Gargoyl the Skirmisher (Centaur Abyssal Knight)     Turns: 3471, Time: 00:05:02

Health: -10/52     AC: 10    Str: 15    XL:     6   Next: 16%
Magic:  8/8        EV:  2    Int: 11    God:    Lugonu [***...]
Gold:   106        SH:  0    Dex: 10    Spells: 5/5 levels left

rFire    . . .     SeeInvis .   a - +1 hand axe
rCold    . . .     Gourm    .   (no shield)
rNeg     . . .     Faith    .   h - +0 plate armour
rPois    .         Spirit   .   i - +0 helmet
rElec    .         Reflect  .   (no cloak)
rCorr    .         Harm     .   (no gloves)
MR       .....                  (no barding)
Stlth    ..........             (no amulet)
HPRegen  0.17/turn              (no ring)
MPRegen  0.11/turn              (no ring)

@: very quick
A: large, hooves 3, deformed body, speed 2, tough skin 3
a: Depart the Abyss, Bend Space, Banish, Renounce Religion


You were on level 4 of the Dungeon.
You worshipped Lugonu.
Lugonu was most pleased with you.
You were hungry.

You visited 1 branch of the dungeon, and saw 4 of its levels.
You visited the Abyss 1 time.

You collected 106 gold pieces.

Inventory:

Hand Weapons
 a - a +1 hand axe (weapon)
Missiles
 l - a tomahawk (quivered)
Armour
 h - a +0 plate armour (worn)
 i - a +0 helmet (worn)
Scrolls
 e - a scroll of identify
 g - 2 scrolls of remove curse
Potions
 b - 2 potions of might
 d - a potion of berserk rage
 f - 3 potions of curing
 j - a potion of brilliance {unknown}
 k - a potion of invisibility {unknown}
Comestibles
 c - 3 rations


   Skills:
 + Level 4.2 Fighting
 + Level 3.6 Axes
 * Level 2.6 Armour
 * Level 1.3 Dodging
 * Level 3.1 Invocations


You had 5 spell levels left.
You didn't know any spells.
Your spell library was empty.

Dungeon Overview and Level Annotations

Branches:
Dungeon (4/15)
 Temple: D:4-7

Altars:
Elyvilon
Kikubaaqudgha
Nemelex Xobeh
Qazlal
Sif Muna
Uskayaw


Innate Abilities, Weirdness & Mutations

You have hooves in place of feet.
Armour fits poorly on your strangely shaped body.
You cover ground very quickly.
You have extremely tough skin. (AC +3)


Message History

The ogre hits you with a +0 giant spiked club!
Your plate armour prevents you from hitting the ogre.
Your kick misses the ogre.
The ogre is moderately wounded.
The ogre hits you with a +0 giant spiked club!
* * * LOW HITPOINT WARNING * * *
You hit the ogre. Your kick misses the ogre.
The ogre is heavily wounded.
Throwing (i - inventory)
l - 3 tomahawks (quivered)
Press: ? - help, Shift-Dir - straight line, f - ogre
Aim: an ogre, wielding a +0 giant spiked club (heavily wounded)
You throw a tomahawk. The tomahawk hits the ogre.
The ogre is heavily wounded.
Throwing (i - inventory)
l - 2 tomahawks (quivered)
Press: ? - help, Shift-Dir - straight line, f/p - ogre
Aim: an ogre, wielding a +0 giant spiked club (heavily wounded)
You throw a tomahawk. The tomahawk hits the ogre.
The ogre is severely wounded.
The ogre hits you with a +0 giant spiked club!!
You die...

###.#.## ..#...# ..#
#.#..####.# #.#
#.........#
##.#####....#######
......>...........
#.#####.#..######
#.#####.#..########
#.#####......((O@........
.......†......#########.#
.#.############


You could see an ogre.

Vanquished Creatures
  An ice beast (D:3)
  A wight (Abyss:1)
  A worker ant (D:4)
  A hound zombie (D:4)
  Robin (D:3)
  4 adders
  An ooze (D:2)
  3 dart slugs
  A leopard gecko (D:1)
  An orc (D:3)
  5 bats
  5 giant cockroaches
  8 hobgoblins
  2 jackals (D:2)
  A quokka (D:2)
  4 frilled lizards
  16 goblins
  11 kobolds
  9 rats
76 creatures vanquished.

Notes
Turn   | Place    | Note
-------+----------+-------------------------------------------
     0 | Abyss:1  | Gargoyl the Centaur Abyssal Knight began the quest for the
                  | Orb.
     0 | Abyss:1  | Reached XP level 1. HP: 19/19 MP: 2/2
   168 | Abyss:1  | Noticed a lich
   169 | Abyss:1  | Noticed a wight
   176 | Abyss:1  | Killed a wight
   176 | Abyss:1  | Reached XP level 2. HP: 27/27 MP: 3/3
   176 | Abyss:1  | Reached XP level 3. HP: 33/33 MP: 4/4
   181 | D:1      | Escaped the Abyss
   425 | D:1      | Reached * piety under Lugonu
   890 | D:1      | Reached XP level 4. HP: 37/40 MP: 5/5
  1289 | D:2      | Reached skill level 4 in Fighting
  1333 | D:2      | Reached ** piety under Lugonu
  1443 | D:2      | Found a white marble altar of Elyvilon.
  1474 | D:2      | Found a stormy altar of Qazlal.
  2287 | D:3      | Noticed Robin
  2290 | D:3      | Reached skill level 1 in Dodging
  2303 | D:3      | Reached XP level 5. HP: 25/46 MP: 5/7
  2310 | D:3      | Killed Robin
  2503 | D:3      | Found a sparkling altar of Nemelex Xobeh.
  2707 | D:3      | Noticed an ice beast
  2720 | D:3      | Killed an ice beast
  3007 | D:3      | Reached XP level 6. HP: 43/52 MP: 8/8
  3161 | D:3      | Found a deep blue altar of Sif Muna.
  3165 | D:3      | Found an ancient bone altar of Kikubaaqudgha.
  3391 | D:3      | Found a hide-covered altar of Uskayaw.
  3456 | D:4      | Reached *** piety under Lugonu
  3471 | D:4      | Mangled by an ogre

Skill      XL: |  1  2  3  4  5 |
---------------+----------------+-----
Axes           | 2 3 |  3.6
Fighting       | 4 |  4.2
Armour         | 2 |  2.6
Dodging        | 1 |  1.3
Invocations    | 3 |  3.1

Action                   |  1- 3 |  4- 6 || total
-------------------------+-------+-------++-------
Melee: Hand axe          |    42 |   137 ||   179
       Kick              |    11 |    26 ||    37
Throw: Tomahawk          |       |     2 ||     2
Invok: Depart the Abyss  |     1 |       ||     1
  Use: Potion            |     2 |     1 ||     3
       Scroll            |       |     4 ||     4
  Eat: Chunk             |       |     5 ||     5
Armor: Leather armour    |    12 |       ||    12
       Ring mail         |     2 |    33 ||    35
       Plate armour      |       |    57 ||    57
Dodge: Dodged            |    21 |    30 ||    51
